[Event "Titled Tuesday Blitz December 20 Early 2022"]
[White "Rapy, Francois"]
[Black "MathiasWomacka"]
[WhiteFideId "26041324"]
[WhiteElo "1642"]
[BlackElo "2562"]
[Result "0-1"]
[Round "07"]
[TimeControl "180+2"]
[Date "2022.12.20"]
[WhiteClock "0:00:01"]
[BlackClock "0:00:46"]

1. e4 c5 2. Nc3 Nc6 3. Bb5 Nd4 4. Nf3 Nxb5 5. Nxb5 d6 6. d4 Nf6 7. e5 Qa5+ 8. Nc3 Ne4 9. Bd2 Nxd2 10. Qxd2 cxd4 11. Qxd4 dxe5 12. Nxe5 Be6 13. O-O Rd8 14. Qe3 g6 15. Rfe1 a6 16. h3 Qc7 17. Nf3 Bg7 18. Ng5 Bf5 19. g4 Bc8 20. Qf3 O-O 21. Nd5 Rxd5 22. Qxd5 Bxb2 23. Rad1 Bf6 24. Ne4 Bg7 25. Qd3 Be6 26. Ng5 Bxa2 27. Qd7 Qxd7 28. Rxd7 b5 29. Ne4 e6 30. Nc5 Bc4 31. Nxa6 Ra8 32. Nc5 h5 0-1


[Site "https://www.chess.com"]

[Event "Titled Tuesday Blitz December 20 Early 2022"]
[White "Roman_Ovetchkin"]
[Black "Patterson, Fheopatrick"]
[BlackFideId "30939364"]
[WhiteElo "2702"]
[BlackElo "1497"]
[Result "1-0"]
[Round "07"]
[TimeControl "180+2"]
[Date "2022.12.20"]
[WhiteClock "0:01:09"]
[BlackClock "0:00:06"]

1. d4 d5 2. c4 c6 3. Nf3 Nf6 4. Qc2 g6 5. Bf4 Bg7 6. e3 O-O 7. Nc3 Na6 8. Qb3 dxc4 9. Bxc4 Nc7 10. Ne5 Ncd5 11. Bg3 Qb6 12. O-O Qxb3 13. Bxb3 Be6 14. h3 Rfc8 15. Rfc1 Nxc3 16. Rxc3 Ne4 17. Bxe6 Nxc3 18. Bxf7+ Kf8 19. Bc4 Nd5 20. Nd7+ Ke8 21. Nc5 b6 22. Ne6 Bf6 23. e4 Nb4 24. a3 Nc2 25. Rd1 b5 26. Bb3 Nxd4 27. Nxd4 Bxd4 28. Rxd4 Rd8 29. Be5 Rxd4 30. Bxd4 Rd8 31. Be3 a5 32. Kf1 a4 33. Bc2 e5 34. Ke2 Rd7 35. Bc5 Kf7 36. Bd3 Kf6 37. h4 h6 38. g3 g5 39. h5 Rd8 40. Ke3 Rd7 41. Be2 Rd8 42. Bg4 Re8 43. f4 Rd8 44. Bb6 gxf4+ 45. gxf4 Rg8 46. Kf3 exf4 47. Kxf4 Ke7 48. e5 Rf8+ 49. Bf5 Rg8 50. Bc5+ Kd8 51. e6 Rg2 52. e7+ 1-0


[Site "https://www.chess.com"]

[Event "Titled Tuesday Blitz December 20 Early 2022"]
[White "Roshka, Yevgeniy"]
[Black "Meri-Arabidze"]
[WhiteFideId "14129558"]
[WhiteElo "2429"]
[BlackElo "2730"]
[Result "0-1"]
[Round "07"]
[TimeControl "180+2"]
[Date "2022.12.20"]
[WhiteClock "0:00:02"]
[BlackClock "0:00:05"]

1. d4 Nf6 2. c4 e6 3. g3 Bb4+ 4. Bd2 Qe7 5. Bg2 Nc6 6. Nf3 Bxd2+ 7. Qxd2 Ne4 8. Qc2 Qb4+ 9. Nbd2 Nxd2 10. Qxd2 Qxc4 11. O-O O-O 12. e4 d6 13. Rfc1 Qa6 14. b4 Qb6 15. a4 a5 16. b5 Nb4 17. Ra3 Bd7 18. d5 e5 19. h4 f5 20. Ng5 f4 21. Rac3 Rac8 22. Ne6 Bxe6 23. dxe6 Rce8 24. Bh3 Re7 25. Rf3 fxg3 26. Rxg3 Rf6 27. Kg2 Rfxe6 28. Bxe6+ Rxe6 29. Qg5 g6 30. Qd8+ Kg7 31. Qd7+ Kh6 32. Qxe6 Qd4 33. Qg4 Nd3 34. Rc2 Ne1+ 35. Kf1 Nxc2 36. Qg5+ Kg7 37. Qe7+ Kh6 38. Qg5+ Kg7 39. h5 Qd1+ 40. Kg2 Ne1+ 41. Kh2 Nf3+ 42. Rxf3 Qxf3 43. h6+ Kf7 44. Qd8 Qxf2+ 45. Kh1 Qf3+ 46. Kh2 Qe2+ 47. Kh1 Qd1+ 48. Kh2 Qc2+ 49. Kh1 g5 0-1


[Site "https://www.chess.com"]

[Event "Titled Tuesday Blitz December 20 Early 2022"]
[White "Rostolis, Riccardo"]
[Black "Jensen, Morten Kingo"]
[WhiteFideId "819948"]
[BlackFideId "1435108"]
[WhiteElo "1968"]
[BlackElo "1867"]
[Result "1-0"]
[Round "07"]
[TimeControl "180+2"]
[Date "2022.12.20"]
[WhiteClock "0:00:39"]
[BlackClock "0:00:13"]

1. e4 c5 2. Nf3 e6 3. c4 Nc6 4. d4 cxd4 5. Nxd4 Nf6 6. Nc3 Bb4 7. Nxc6 bxc6 8. Bd3 Qc7 9. O-O h5 10. h3 Bc5 11. Qf3 Rb8 12. Na4 Bd4 13. Be3 Be5 14. Rab1 Ng4 15. Rfd1 Nxe3 16. Qxe3 f6 17. c5 g5 18. b3 g4 19. Nb2 Bxb2 20. Rxb2 Qe5 21. Rbd2 gxh3 22. Qxh3 Qxc5 23. Bc4 Qe5 24. Bxe6 Ke7 25. Bxd7 Rd8 26. Bxc8 Rbxc8 27. Rd7+ Ke8 28. Qd3 Rb8 29. Rxd8+ 1-0


[Site "https://www.chess.com"]

[Event "Titled Tuesday Blitz December 20 Early 2022"]
[White "Rud_Makarian"]
[Black "Zahid, Sanatan"]
[BlackFideId "10201963"]
[WhiteElo "2889"]
[BlackElo "1930"]
[Result "0-1"]
[Round "07"]
[TimeControl "180+2"]
[Date "2022.12.20"]
[WhiteClock "0:00:03"]
[BlackClock "0:01:00"]

1. Nf3 Nf6 2. g3 d5 3. Bg2 Bg4 4. Ne5 Bf5 5. c4 c6 6. O-O Nbd7 7. d4 e6 8. Nc3 Nxe5 9. dxe5 Nd7 10. cxd5 cxd5 11. e4 dxe4 12. Qa4 a6 13. Nxe4 b5 14. Qb3 Rc8 15. Bg5 Qb6 16. Rac1 Nc5 17. Rfd1 Bxe4 18. Bxe4 Be7 19. Bxe7 Kxe7 20. Qe3 h6 21. Rd6 Qa5 22. Rxc5 Rxc5 23. Qxc5 Qe1+ 24. Kg2 Qxe4+ 25. Kf1 Qc4+ 26. Qxc4 bxc4 27. Rxa6 Rb8 28. Ra7+ Ke8 29. Rc7 Rxb2 30. Rxc4 Rxa2 31. Kg2 g6 32. h4 h5 33. Kf3 Kf8 34. Rc8+ Kg7 35. Rc5 Ra3+ 36. Kg2 Rb3 37. f4 Rb7 38. Rc6 Kf8 39. Kf3 Ke7 40. Rc3 Kd7 41. g4 hxg4+ 42. Kxg4 Ke7 43. Kg5 Rd7 44. Rb3 Ra7 45. Rc3 Ra4 46. Rc7+ Kf8 47. h5 gxh5 48. f5 exf5 49. Kxf5 Ra5 50. Kf6 Ra6+ 51. Kf5 Re6 52. Rc3 Kg7 53. Rh3 Kh6 54. Rh1 Ra6 55. Rh2 Ra4 56. Rf2 h4 57. Kf6 Ra7 58. Rf4 Kh5 59. Rf5+ Kg4 60. Rg5+ Kf4 61. Rg7 Ra6+ 62. Kxf7 Ra7+ 0-1


[Site "https://www.chess.com"]

[Event "Titled Tuesday Blitz December 20 Early 2022"]
[White "Sadykov_Ramil"]
[Black "sofaceindisguise"]
[WhiteElo "2546"]
[BlackElo "2741"]
[Result "0-1"]
[Round "07"]
[TimeControl "180+2"]
[Date "2022.12.20"]
[WhiteClock "0:00:01"]
[BlackClock "0:00:10"]

1. e4 g6 2. d4 Bg7 3. Nc3 a6 4. a4 e6 5. h4 h5 6. Nh3 d5 7. e5 c5 8. Bg5 Qc7 9. dxc5 Qxc5 10. Be3 Qc7 11. f4 Nc6 12. Qd2 Nh6 13. a5 Nf5 14. Bb6 Qe7 15. Ng5 O-O 16. Bd3 f6 17. exf6 Qxf6 18. O-O-O Bd7 19. g4 hxg4 20. h5 gxh5 21. Rxh5 Rac8 22. Qh2 Rf7 23. Nxf7 Kxf7 24. Qg1 g3 25. Bxf5 exf5 26. Qxg3 Be6 27. Na4 Nb4 28. c3 Rc4 29. Bd4 Rxd4 30. Rxd4 Nc6 31. Rd1 d4 32. c4 Bxc4 33. Rh7 Ne7 34. Rg1 Ng6 35. Rh5 Be2 36. Qf2 Bxh5 37. Rg5 Qc6+ 38. Kd2 Bf3 39. Qg3 Bg4 40. Rxg4 fxg4 41. f5 Ne5 42. Qf4 Bf6 0-1


[Site "https://www.chess.com"]

[Event "Titled Tuesday Blitz December 20 Early 2022"]
[White "SaiHanThiha"]
[Black "Flawless_Fighter"]
[WhiteElo "2429"]
[BlackElo "2622"]
[Result "0-1"]
[Round "07"]
[TimeControl "180+2"]
[Date "2022.12.20"]
[WhiteClock "0:00:22"]
[BlackClock "0:01:02"]

1. d4 Nf6 2. c4 e6 3. Nf3 d5 4. Nc3 c5 5. cxd5 Nxd5 6. g3 Nxc3 7. bxc3 cxd4 8. Nxd4 e5 9. Nf3 Qxd1+ 10. Kxd1 Nc6 11. Bg2 Bc5 12. e3 Bg4 13. Kc2 Bf5+ 14. Kb2 f6 15. Nd2 Na5 16. a4 Rd8 17. Bf1 Be6 18. Kc2 Kf7 19. Ba3 Bxa3 20. Rxa3 b6 21. Bb5 Rd6 22. Raa1 Rhd8 23. Rad1 Bg4 24. f3 Bf5+ 25. e4 Be6 26. Kc1 Rxd2 27. Rxd2 Nb3+ 0-1


[Site "https://www.chess.com"]

[Event "Titled Tuesday Blitz December 20 Early 2022"]
[White "Salles, Louis"]
[Black "Edam, Michael"]
[WhiteFideId "20641826"]
[BlackFideId "24613231"]
[WhiteElo "2287"]
[BlackElo "2023"]
[Result "1-0"]
[Round "07"]
[TimeControl "180+2"]
[Date "2022.12.20"]
[WhiteClock "0:01:24"]
[BlackClock "0:00:05"]

1. d4 Nf6 2. c4 g6 3. Nc3 Bg7 4. e4 d6 5. Nf3 O-O 6. Be2 Na6 7. O-O e5 8. dxe5 dxe5 9. Bg5 Qxd1 10. Rfxd1 Re8 11. h3 Nc5 12. Nd2 c6 13. Be3 Ne6 14. Nb3 Bd7 15. Rd2 b6 16. Rad1 Rad8 17. a4 Bc8 18. a5 c5 19. axb6 axb6 20. Rxd8 Rxd8 21. Rxd8+ Nxd8 22. Bg5 Nc6 23. Nd5 Nxe4 24. Nxb6 Be6 25. Be3 Nd4 26. Bxd4 cxd4 27. Bd3 f5 28. Bxe4 fxe4 29. Nc5 d3 30. Kf1 Bf5 31. g4 Bf8 32. Nbd7 Bxd7 33. Nxd7 Bb4 34. Nf6+ Kf7 35. Nxe4 h5 36. f3 hxg4 37. hxg4 Ke6 38. Kf2 d2 39. Ke2 Kd7 40. Nxd2 Kc6 41. Ne4 Be7 42. Kd3 Bd8 43. b4 Be7 44. b5+ Kb6 45. Nc3 Kc5 46. Nd5 Bd8 47. b6 Bxb6 48. Nxb6 Kxb6 49. Ke4 Kc5 50. Kxe5 1-0


[Site "https://www.chess.com"]

[Event "Titled Tuesday Blitz December 20 Early 2022"]
[White "Salomez, Maxime"]
[Black "Abd El Fatah, Reda Fadel"]
[WhiteFideId "652079600"]
[BlackFideId "10600752"]
[WhiteElo "1359"]
[BlackElo "2134"]
[Result "0-1"]
[Round "07"]
[TimeControl "180+2"]
[Date "2022.12.20"]
[WhiteClock "0:00:03"]
[BlackClock "0:00:39"]

1. e4 e5 2. Nf3 d6 3. d4 Bg4 4. dxe5 Nd7 5. exd6 Bxd6 6. h3 Bh5 7. Nc3 Ngf6 8. Bg5 Qe7 9. Qe2 O-O-O 10. O-O-O h6 11. Bxf6 Nxf6 12. g4 Bf4+ 13. Kb1 Rxd1+ 14. Nxd1 Bg6 15. Nc3 Nxe4 16. Nxe4 Qxe4 17. Qxe4 Bxe4 18. Bg2 Rd8 19. Re1 Bc6 20. a3 a5 21. Re7 g5 22. Re1 a4 23. c3 f6 24. Bh1 Rd3 25. Nd4 Bxh1 26. Rxh1 c5 27. Nf5 Rf3 28. Nxh6 Rxf2 29. Nf5 b5 30. Re1 Be5 31. Rd1 b4 32. axb4 cxb4 33. Ne7+ Kb7 34. Nd5 bxc3 35. Nxc3 a3 36. Ne4 Rxb2+ 37. Kc1 a2 0-1


[Site "https://www.chess.com"]

[Event "Titled Tuesday Blitz December 20 Early 2022"]
[White "Sam_ChessMood"]
[Black "dropstoneDP"]
[WhiteElo "2882"]
[BlackElo "3038"]
[Result "0-1"]
[Round "07"]
[TimeControl "180+2"]
[Date "2022.12.20"]
[WhiteClock "0:00:03"]
[BlackClock "0:00:04"]

1. d4 Nf6 2. c4 g6 3. Nc3 d5 4. cxd5 Nxd5 5. Bd2 Bg7 6. e4 Nxc3 7. Bxc3 Nc6 8. d5 Bxc3+ 9. bxc3 Na5 10. h4 e6 11. Qd4 O-O 12. h5 c5 13. Qxc5 exd5 14. hxg6 fxg6 15. Qxd5+ Qxd5 16. exd5 Bd7 17. Rh4 Rac8 18. c4 b5 19. cxb5 Rc5 20. Rd4 Bxb5 21. Bxb5 Rxb5 22. Nf3 Rd8 23. Rad1 Nb7 24. d6 Nc5 25. d7 Kf7 26. Rd5 a6 27. Ng5+ Ke7 28. Nxh7 Rxd7 29. Re5+ Kd8 30. Rxd7+ Kxd7 31. Nf6+ Kd6 0-1


[Site "https://www.chess.com"]

[Event "Titled Tuesday Blitz December 20 Early 2022"]
[White "Schless, Sebastian"]
[Black "OparinGrigoriy"]
[WhiteFideId "4697987"]
[WhiteElo "2056"]
[BlackElo "3013"]
[Result "1-0"]
[Round "07"]
[TimeControl "180+2"]
[Date "2022.12.20"]
[WhiteClock "0:00:56"]
[BlackClock "0:00:04"]

1. d4 Nf6 2. Nf3 d5 3. Bg5 c5 4. e3 cxd4 5. exd4 Qb6 6. Nbd2 h6 7. Bxf6 exf6 8. c3 Bd6 9. Qb3 Be6 10. Bb5+ Nc6 11. O-O O-O 12. Rfe1 Qc7 13. Nf1 Rad8 14. Ne3 f5 15. Qc2 g6 16. Re2 a6 17. Ba4 Kg7 18. Rae1 Ne7 19. Nf1 Ng8 20. Rxe6 fxe6 21. Rxe6 Nf6 22. Bb3 Rfe8 23. Rxe8 Rxe8 24. Ne3 Qc6 25. g3 f4 26. Nh4 Re4 27. Bxd5 fxe3 28. Bxc6 e2 29. Ng2 e1=Q+ 30. Nxe1 Rxe1+ 31. Kg2 bxc6 32. Qa4 Re2 33. Qxa6 Rxb2 34. Qa7+ Kf8 35. Qa8+ Kg7 36. Qxc6 Be7 37. a4 Ng4 38. Qe6 Rxf2+ 39. Kg1 h5 40. Qxe7+ Kh6 41. h3 1-0


[Site "https://www.chess.com"]

[Event "Titled Tuesday Blitz December 20 Early 2022"]
[White "Shironin, Daniil Aleks"]
[Black "Artels, Lieven"]
[WhiteFideId "55812198"]
[BlackFideId "205834"]
[WhiteElo "2115"]
[BlackElo "1984"]
[Result "1-0"]
[Round "07"]
[TimeControl "180+2"]
[Date "2022.12.20"]
[WhiteClock "0:02:01"]
[BlackClock "0:02:19"]

1. c4 g6 2. Nc3 Nf6 3. g3 Bg7 4. Bg2 O-O 5. Nf3 d6 6. O-O Nbd7 7. d3 Nc5 8. Rb1 Na6 9. b4 c5 10. a3 Nc7 11. bxc5 dxc5 12. Bd2 Rb8 13. Qc2 a6 14. Bf4 Bd7 15. Ne5 Bc6 16. Bxc6 bxc6 17. Nxc6 Qd7 18. Nxb8 Qe6 19. Bxc7 1-0


[Site "https://www.chess.com"]

[Event "Titled Tuesday Blitz December 20 Early 2022"]
[White "Shockerlover"]
[Black "FMOlexandrProhorov"]
[WhiteElo "1948"]
[BlackElo "2232"]
[Result "1-0"]
[Round "07"]
[TimeControl "180+2"]
[Date "2022.12.20"]
[WhiteClock "0:00:32"]
[BlackClock "0:00:02"]

1. d4 e6 2. Nf3 f5 3. c4 Nf6 4. Nc3 c6 5. g3 d5 6. Bg2 Bd6 7. O-O O-O 8. Qc2 Nbd7 9. b3 Ne4 10. Bb2 Ndf6 11. Rad1 Bd7 12. Ne5 Qe7 13. f3 Nxc3 14. Bxc3 b6 15. e4 fxe4 16. fxe4 dxe4 17. Bxe4 Rad8 18. Bg2 Bxe5 19. dxe5 Ng4 20. Rd6 Rxf1+ 21. Bxf1 Rf8 22. Qe2 Qg5 23. Rxd7 Rf2 24. Qd3 1-0


[Site "https://www.chess.com"]

[Event "Titled Tuesday Blitz December 20 Early 2022"]
[White "Shuvalov, Evgenij"]
[Black "Emily_Dawn"]
[WhiteFideId "4187237"]
[WhiteElo "2038"]
[BlackElo "1878"]
[Result "1-0"]
[Round "07"]
[TimeControl "180+2"]
[Date "2022.12.20"]
[WhiteClock "0:01:09"]
[BlackClock "0:00:17"]

1. d4 Nf6 2. c4 e6 3. Nc3 Bb4 4. a3 Bxc3+ 5. bxc3 b6 6. f3 Ba6 7. e4 d6 8. Bd3 O-O 9. f4 Nc6 10. e5 Nd7 11. Nf3 Na5 12. Qe2 Qe7 13. Be3 h6 14. g4 f6 15. O-O c5 16. Nh4 Rfc8 17. Ng6 Qe8 18. exd6 cxd4 19. cxd4 Bxc4 20. Ne7+ Kh8 21. Nxc8 Rxc8 22. Rac1 Bxd3 23. Qxd3 Nb7 24. Rc7 Nxd6 25. Rfc1 Rxc7 26. Rxc7 e5 27. dxe5 fxe5 28. Qxd6 Nf6 29. Qxe5 Qa4 30. Rc8+ Kh7 31. Qf5+ g6 32. Rc7+ Kg8 33. Qxg6+ Kh8 34. Qg7# 1-0


[Site "https://www.chess.com"]

[Event "Titled Tuesday Blitz December 20 Early 2022"]
[White "Slovak_fighter2000"]
[Black "Manish Anto Cristiano F"]
[BlackFideId "25095927"]
[WhiteElo "2466"]
[BlackElo "2485"]
[Result "1-0"]
[Round "07"]
[TimeControl "180+2"]
[Date "2022.12.20"]
[WhiteClock "0:02:31"]
[BlackClock "0:02:35"]

1. e4 c5 2. Nc3 d6 3. f4 a6 4. a4 g6 5. Nf3 Bg4 6. Bc4 e6 7. O-O Nc6 8. h3 Bxf3 9. Qxf3 Nd4 10. Qd1 Bg7 11. d3 Ne7 12. f5 exf5 13. Bg5 O-O 14. Nd5 Ne6 15. Bxe7 Qc8 16. Bxf8 Qxf8 17. exf5 1-0


[Site "https://www.chess.com"]

[Event "Titled Tuesday Blitz December 20 Early 2022"]
[White "Sokolov, Ivan"]
[Black "Garcia Brion, Eduardo"]
[WhiteFideId "14400030"]
[BlackFideId "2223864"]
[WhiteElo "2590"]
[BlackElo "2175"]
[Result "1-0"]
[Round "07"]
[TimeControl "180+2"]
[Date "2022.12.20"]
[WhiteClock "0:00:08"]
[BlackClock "0:00:02"]

1. b3 e5 2. Bb2 Nc6 3. e3 d5 4. Nf3 Bd6 5. d4 e4 6. Nfd2 Nce7 7. c4 c6 8. f3 f5 9. f4 Nf6 10. Be2 O-O 11. h3 Be6 12. Nc3 a6 13. c5 Bc7 14. Na4 h6 15. Qc2 g5 16. g3 gxf4 17. exf4 Kh7 18. Nf1 Rg8 19. Bc1 Ba5+ 20. Kf2 e3+ 21. Bxe3 Ne4+ 22. Kg2 Ng6 23. Kh2 Qf6 24. Bf3 Rg7 25. Nb2 Rag8 26. Nd3 Nxg3 27. Nxg3 Nh4 28. Qf2 Rxg3 29. Qxg3 Rxg3 30. Kxg3 Nxf3 31. Kxf3 Bc3 32. Ne5 Bxa1 33. Rxa1 Bf7 34. Rg1 Bh5+ 35. Kf2 Qh4+ 36. Rg3 a5 37. Bd2 Be8 38. Nf3 Qe7 39. Ne5 a4 40. bxa4 Bh5 41. Kg2 Bd1 42. a5 Bc2 43. Kh2 Be4 44. Be1 Qf8 45. Rb3 Qg7 46. Bg3 Qe7 47. Rb6 Qc7 48. a3 Qe7 49. a6 1-0


[Site "https://www.chess.com"]

[Event "Titled Tuesday Blitz December 20 Early 2022"]
[White "Sunny_Star"]
[Black "Nenezic, Marko"]
[BlackFideId "912123"]
[WhiteElo "2241"]
[BlackElo "2514"]
[Result "0-1"]
[Round "07"]
[TimeControl "180+2"]
[Date "2022.12.20"]
[WhiteClock "0:00:01"]
[BlackClock "0:00:13"]

1. e4 e6 2. d3 d5 3. Nc3 Nf6 4. e5 Nfd7 5. Qe2 c5 6. f4 Nc6 7. Nf3 b5 8. g3 b4 9. Nd1 a5 10. Bh3 g6 11. O-O Ba6 12. Nf2 c4 13. Kh1 Be7 14. Be3 a4 15. b3 Qa5 16. bxc4 dxc4 17. dxc4 Nb6 18. Nd2 O-O 19. Bg2 Rac8 20. Nfe4 Nxc4 21. Nxc4 Qb5 22. Ned2 Na5 23. f5 exf5 24. Rf4 Nxc4 25. Nxc4 Rxc4 26. Rxc4 Qxc4 27. Qxc4 Bxc4 28. Bd4 Rd8 29. c3 b3 30. axb3 axb3 31. Bf1 Bxf1 32. Rxf1 Rb8 33. Rb1 Kf8 34. c4 Ke8 35. c5 Kd7 0-1


[Site "https://www.chess.com"]

[Event "Titled Tuesday Blitz December 20 Early 2022"]
[White "The_Machine04"]
[Black "Kazgildy, Fariza"]
[BlackFideId "13724860"]
[WhiteElo "2652"]
[BlackElo "1189"]
[Result "0-1"]
[Round "07"]
[TimeControl "180+2"]
[Date "2022.12.20"]
[WhiteClock "0:00:01"]
[BlackClock "0:00:19"]

1. d4 Nf6 2. Nf3 d5 3. Nbd2 c5 4. e3 Nc6 5. c3 Bf5 6. dxc5 a5 7. Bb5 e6 8. b4 Rc8 9. Nd4 Bg6 10. Qa4 Qc7 11. f4 Be7 12. N2f3 O-O 13. Bxc6 bxc6 14. Ne5 Ne4 15. Bd2 Bf6 16. Ndxc6 axb4 17. cxb4 Nxd2 18. Kxd2 Be4 19. Rhc1 Bxg2 20. b5 d4 21. exd4 Bxc6 22. bxc6 Bxe5 23. fxe5 Ra8 24. Qc4 Qxc6 25. Rg1 Rfd8 26. Rab1 Ra4 27. Rb4 Rxb4 28. Qxb4 Qe4 29. Kc1 Qe3+ 30. Kc2 Qxg1 31. c6 Qxd4 0-1


[Site "https://www.chess.com"]

[Event "Titled Tuesday Blitz December 20 Early 2022"]
[White "TheoSlade"]
[Black "AttractiveChess"]
[WhiteElo "2571"]
[BlackElo "2784"]
[Result "0-1"]
[Round "07"]
[TimeControl "180+2"]
[Date "2022.12.20"]
[WhiteClock "0:01:13"]
[BlackClock "0:02:33"]

1. d4 Nf6 2. c4 e6 3. g3 d5 4. Bg2 dxc4 5. Nf3 Bd7 6. Ne5 Bc6 7. Nxc6 Nxc6 8. Bxc6+ bxc6 9. O-O Qd7 10. e3 c5 11. dxc5 Bxc5 12. Qxd7+ Nxd7 13. Bd2 O-O-O 14. Bc3 f6 15. Nd2 Nb6 16. a4 Rd3 17. a5 Nd5 18. Nxc4 Nxc3 19. bxc3 Rxc3 20. Rfc1 Rxc1+ 21. Rxc1 Rd8 22. Ne5 Ba3 23. Rc3 Bb2 0-1


[Site "https://www.chess.com"]

[Event "Titled Tuesday Blitz December 20 Early 2022"]
[White "TigrVShlyape"]
[Black "MatthewG-p4p"]
[WhiteElo "2914"]
[BlackElo "2825"]
[Result "1-0"]
[Round "07"]
[TimeControl "180+2"]
[Date "2022.12.20"]
[WhiteClock "0:00:22"]
[BlackClock "0:00:01"]

1. e4 e6 2. d4 d5 3. Nc3 Bb4 4. e5 Ne7 5. Bd2 b6 6. Nce2 Bxd2+ 7. Qxd2 Ba6 8. Nf3 c5 9. c3 O-O 10. Nf4 Bxf1 11. Kxf1 Nbc6 12. g3 Rc8 13. Kg2 Qd7 14. Nh5 Kh8 15. h4 cxd4 16. cxd4 f6 17. exf6 gxf6 18. Rae1 Nf5 19. Re2 Nd6 20. Rhe1 Ne4 21. Rxe4 dxe4 22. Rxe4 Qf7 23. Nf4 Rce8 24. Qe2 Nd8 25. a3 Qd7 26. h5 Rf7 27. Kh2 Rfe7 28. Nh4 Rg7 29. b4 Rg5 30. Nf3 Rg7 31. b5 Kg8 32. a4 Rf7 33. h6 Rfe7 34. Nh4 f5 35. Re5 Qxd4 36. Nxf5 exf5 37. Rxe7 Rxe7 38. Qxe7 Qxf2+ 39. Ng2 Qd2 40. Qe8# 1-0


[Site "https://www.chess.com"]

[Event "Titled Tuesday Blitz December 20 Early 2022"]
[White "Toh, Terry"]
[Black "Oleksandr_Bortnyk"]
[WhiteFideId "5800323"]
[WhiteElo "2394"]
[BlackElo "2984"]
[Result "0-1"]
[Round "07"]
[TimeControl "180+2"]
[Date "2022.12.20"]
[WhiteClock "0:00:45"]
[BlackClock "0:00:57"]

1. c4 d6 2. Nc3 e5 3. Nf3 f5 4. d4 e4 5. Ng5 Be7 6. h4 Nf6 7. g3 O-O 8. Nh3 c6 9. Bg5 Be6 10. Nf4 Bf7 11. e3 Nbd7 12. b3 d5 13. cxd5 Bb4 14. Rc1 Qa5 15. Qc2 cxd5 16. Bh3 Rac8 17. Ne2 Bh5 18. O-O Bxe2 19. Qxe2 Rxc3 20. Bxf5 Qb6 21. Rxc3 Bxc3 22. Rc1 Bb4 23. Bf4 Bd6 24. Bg5 h6 25. Bxh6 gxh6 26. Bxd7 Kg7 27. Bh3 Rf7 28. Rc8 Rc7 29. Rxc7+ Qxc7 30. Qb5 a6 31. Qe2 h5 32. g4 hxg4 33. Bxg4 Kh6 34. Bf5 Qg7+ 35. Kh1 Bb8 36. Qf1 Nh5 37. Qh3 Qc7 38. Qg2 Qc1+ 39. Qg1 Qxg1+ 40. Kxg1 a5 41. Kg2 Bd6 42. f3 Nf6 43. Bc8 b6 44. Bb7 Kh5 45. fxe4 dxe4 46. Kh3 Kg6 47. Bc6 Bb4 48. Kg3 Kf5 49. Kf2 Kg4 50. Ke2 Kxh4 0-1


[Site "https://www.chess.com"]

[Event "Titled Tuesday Blitz December 20 Early 2022"]
[White "Truequitos"]
[Black "LileKoridze"]
[WhiteElo "2536"]
[BlackElo "2345"]
[Result "1-0"]
[Round "07"]
[TimeControl "180+2"]
[Date "2022.12.20"]
[WhiteClock "0:00:59"]
[BlackClock "0:01:22"]

1. Nf3 d5 2. g3 Nf6 3. Bg2 c5 4. O-O e6 5. d3 Nc6 6. Nbd2 Bd6 7. e4 O-O 8. Re1 Qc7 9. Qe2 dxe4 10. Nxe4 Nxe4 11. dxe4 e5 12. c3 f6 13. Qc4+ Kh8 14. Nh4 Re8 15. Nf5 Be6 16. Qe2 Rad8 17. Be3 b6 18. Red1 Bf8 19. Qb5 Bxf5 20. exf5 Ne7 21. Be4 Rxd1+ 22. Rxd1 Rd8 23. Qe2 Qc8 24. g4 g6 25. Rd3 Kg7 26. Qd2 Rxd3 27. Qxd3 gxf5 28. gxf5 Kf7 29. Qc4+ Kg7 30. Bc2 h5 31. Qe4 Qd7 32. Qg2+ Kh7 33. Qf3 Kg7 34. Qxh5 Nd5 35. Bh6+ Kg8 36. Qg6+ Bg7 37. Bb3 1-0


[Site "https://www.chess.com"]

[Event "Titled Tuesday Blitz December 20 Early 2022"]
[White "Ural_bogatyr"]
[Black "Ball, John D L"]
[BlackFideId "402150"]
[WhiteElo "2615"]
[BlackElo "2230"]
[Result "0-1"]
[Round "07"]
[TimeControl "180+2"]
[Date "2022.12.20"]
[WhiteClock "0:00:05"]
[BlackClock "0:00:59"]

1. d4 d5 2. Nc3 Bf5 3. Bf4 e6 4. e3 Bd6 5. Nge2 Nf6 6. f3 h6 7. g4 Bh7 8. h4 Nc6 9. Qd2 Nb4 10. Rc1 c5 11. dxc5 Bxc5 12. Nd4 a6 13. Na4 Be7 14. c3 Nc6 15. b4 Rc8 16. Be2 O-O 17. Nb2 Nd7 18. g5 h5 19. e4 Nxd4 20. Qxd4 dxe4 21. fxe4 e5 22. Bxe5 Nxe5 23. Qxe5 Bd6 24. Qd5 Re8 25. O-O Rxe4 26. Qxf7+ Kh8 27. Bd3 Rg4+ 28. Kh1 Rxh4+ 29. Kg1 Qxg5+ 30. Kf2 Rf4+ 31. Ke2 Rxf7 0-1


[Site "https://www.chess.com"]

[Event "Titled Tuesday Blitz December 20 Early 2022"]
[White "Vesper, Horst"]
[Black "Castro Andrade, Seirbert Cristian"]
[WhiteFideId "24677159"]
[BlackFideId "3863336"]
[WhiteElo "2028"]
[BlackElo "1364"]
[Result "1/2-1/2"]
[Round "07"]
[TimeControl "180+2"]
[Date "2022.12.20"]
[WhiteClock "0:00:11"]
[BlackClock "0:00:32"]

1. e4 c5 2. Nc3 Nc6 3. Bb5 Nd4 4. Bc4 e6 5. Nge2 Nc6 6. d4 cxd4 7. Nxd4 a6 8. O-O Qc7 9. Bb3 Nf6 10. Be3 Be7 11. f4 d6 12. a4 O-O 13. Qd2 Bd7 14. Rad1 Nxd4 15. Bxd4 b5 16. Bxf6 Bxf6 17. Qxd6 Qa7+ 18. Kh1 Rfd8 19. e5 Be8 20. Qb4 Be7 21. Qe4 Qc7 22. axb5 axb5 23. f5 Bc6 24. Qg4 Rxd1 25. Rxd1 Qxe5 26. fxe6 fxe6 27. Qxe6+ Qxe6 28. Bxe6+ Kh8 29. Bd5 Bxd5 30. Nxd5 Bf8 31. g4 b4 32. Nf4 Kg8 33. Kg2 g6 34. Rd4 Rc8 35. Ne6 Rxc2+ 36. Kg3 Be7 37. Rd7 Kf7 38. Nf4 Rxb2 39. Nd5 Re2 40. Kf3 Ke8 41. Rb7 Re5 42. Nxe7 Rxe7 43. Rxb4 Kf7 44. h4 Kg7 45. Kf4 Rf7+ 46. Kg3 h6 47. Rb6 Re7 48. Ra6 Rb7 49. Rc6 Rb3+ 50. Kf4 Rb7 51. Ra6 Rc7 52. Kg3 Rf7 53. Rb6 Re7 54. Rc6 Kf7 55. Rb6 Ra7 56. h5 Ra3+ 57. Kf4 Ra4+ 58. Kf3 gxh5 59. gxh5 Kg7 60. Kg3 Rc4 61. Kf3 Rh4 62. Rb5 Kf6 63. Kg3 Ra4 64. Kh3 Re4 65. Kg3 Re3+ 66. Kg4 Re4+ 67. Kf3 Re8 68. Kg4 Re4+ 69. Kf3 Ra4 70. Kg3 Rc4 71. Kf3 Rd4 72. Kg3 Re4 73. Kf3 1/2-1/2


[Site "https://www.chess.com"]

[Event "Titled Tuesday Blitz December 20 Early 2022"]
[White "Viktorin, Tomas"]
[Black "Mischuk, Dmitry"]
[WhiteFideId "328316"]
[BlackFideId "14118734"]
[WhiteElo "1971"]
[BlackElo "2298"]
[Result "1/2-1/2"]
[Round "07"]
[TimeControl "180+2"]
[Date "2022.12.20"]
[WhiteClock "0:00:12"]
[BlackClock "0:00:24"]

1. d4 d5 2. c4 e6 3. Nf3 c5 4. cxd5 exd5 5. Nc3 Nf6 6. g3 Nc6 7. Bg2 Be7 8. O-O O-O 9. Bg5 c4 10. Ne5 Be6 11. f4 Ng4 12. Nxg4 Bxg4 13. Bxe7 Nxe7 14. h3 Be6 15. g4 f5 16. e3 b5 17. b4 a5 18. a3 Qd7 19. g5 Ra6 20. Rf2 Rfa8 21. Rfa2 axb4 22. axb4 Rxa2 23. Rxa2 Rxa2 24. Nxa2 Qa7 25. Nc3 Qa3 26. Nxb5 Qxe3+ 27. Kh1 Ng6 28. Nc7 Nxf4 29. Qa4 h6 30. Qe8+ Kh7 31. g6+ Nxg6 32. Qxe6 Qxe6 33. Nxe6 c3 34. Nc5 Nf4 35. Bf1 c2 36. Nb3 Ne6 37. b5 Nxd4 38. Nc1 Kg6 39. Kg2 Kf6 40. Kg3 Ke5 41. b6 Nc6 42. Bd3 g5 43. Bxc2 h5 44. h4 gxh4+ 45. Kxh4 Kd6 46. Nb3 Nb4 47. Bxf5 Kc6 48. Kxh5 Kxb6 49. Kg4 Kb5 50. Kf3 Kc4 51. Nd2+ Kc3 52. Nf1 d4 53. Ne3 dxe3 54. Kxe3 1/2-1/2


[Site "https://www.chess.com"]